AA
BUFFALO RED WINGS @ HARRISBURG CAPITALS
06/29/2060
 
TOP OF THE 1ST
Buffalo Red Wings batting - Pitching for Harrisburg Capitals : RHP Benjamin Groskreutz
Pitching: RHP Benjamin Groskreutz
Batting: RHB Braydon Makris 0-0: Ball
1-0: Ball
2-0: Called Strike
2-1: SINGLE (Groundball, 5S, EV 73.8 MPH) (infield hit)
Batting: SHB Brannon Acevedo 0-0: Grounds into double play, 4-6-3 (Groundball, 4, EV 98.8 MPH)
Batting: RHB Chandler Penrod 0-0: Ball
1-0: Ball
2-0: Swinging Strike
2-1: Foul Ball, location: 2F
2-2: Ball
3-2: Fly out, F1 (Line Drive, P, EV 66.9 MPH)
Top of the 1st over - 0 runs, 1 hit, 0 errors, 0 left on base; Buffalo 0 - Harrisburg 0
BOTTOM OF THE 1ST
Harrisburg Capitals batting - Pitching for Buffalo Red Wings : RHP Holden Aldaba
Pitching: RHP Holden Aldaba
Batting: RHB Dave Bourcy 0-0: Ball
1-0: Called Strike
1-1: Ball
2-1: Ball
3-1: SINGLE (Line Drive, 6D, EV 101.9 MPH)
Batting: RHB Jonah Howard 0-0: Ball
Dave Bourcy is caught stealing 2nd base 2-4
1-0: Ball
2-0: SINGLE (Groundball, 56D, EV 97.5 MPH)
Batting: LHB Tommy Olson 0-0: Called Strike
0-1: Called Strike
0-2: Fly out, F9 (Flyball, 89S, EV 86.2 MPH)
Batting: LHB Carnell Sighel 0-0: Called Strike
0-1: Called Strike
0-2: Strikes out looking
Bottom of the 1st over - 0 runs, 2 hits, 0 errors, 1 left on base; Buffalo 0 - Harrisburg 0
TOP OF THE 2ND
Buffalo Red Wings batting - Pitching for Harrisburg Capitals : RHP Benjamin Groskreutz
Batting: RHB Jasper Humphries 0-0: Called Strike
0-1: Ball
1-1: Ball
2-1: Foul Ball, location: 2F
2-2: Foul Ball, location: 2F
2-2: Hit by Pitch
Batting: RHB Logan Combs 0-0: Ball
1-0: Swinging Strike
1-1: Swinging Strike
1-2: Foul Ball, location: 2F
1-2: Ball
2-2: Ball
3-2: Foul Ball, location: 2F
3-2: SINGLE (Groundball, 6MD, EV 95.0 MPH)
Jasper Humphries to second
Runner from 2nd tries for 3rd, SAFE, throw by CF made to third
Batting: RHB Townes Zhan 0-0: Ball
1-0: Called Strike
Logan Combs steals 2nd base
1-1: Ground out 4-3 (Groundball, 4, EV 87.5 MPH)
Jasper Humphries scores
Logan Combs to third
Batting: RHB Israel Coates 0-0: Ball
1-0: SINGLE (Line Drive, 9LS, EV 100.0 MPH)
Logan Combs scores
Batting: RHB Brinson Sarmiento 0-0: Ball
1-0: Swinging Strike
1-1: Ball
Israel Coates steals 2nd base
2-1: Foul Ball, location: 2F
2-2: Fly out, F2 (Popup, 23F, EV 79.4 MPH)
Batting: RHB Rhys Oqvist 0-0: Ball
1-0: Ball
2-0: Ground out 3-1 (Groundball, 34S, EV 75.0 MPH)
Top of the 2nd over - 2 runs, 2 hits, 0 errors, 1 left on base; Buffalo 2 - Harrisburg 0
BOTTOM OF THE 2ND
Harrisburg Capitals batting - Pitching for Buffalo Red Wings : RHP Holden Aldaba
Batting: RHB Garrett Flickinger 0-0: Fly out, F9 (Flyball, 9LS, EV 89.4 MPH)
Batting: RHB Eli Turner 0-0: Swinging Strike
0-1: Called Strike
0-2: SINGLE (Line Drive, 7LS, EV 100.0 MPH)
Batting: RHB Julian Liszewski 0-0: Called Strike
0-1: SINGLE (Groundball, 34D, EV 109.4 MPH)
Eli Turner to second
Runner from 2nd tries for 3rd, OUT! 9-5
Batting: RHB Zack Jackson 0-0: Foul Ball, location: 2F
0-1: Ball
1-1: Ball
2-1: Fly out, F8 (Flyball, 8LD, EV 74.4 MPH)
Bottom of the 2nd over - 0 runs, 2 hits, 0 errors, 1 left on base; Buffalo 2 - Harrisburg 0
TOP OF THE 3RD
Buffalo Red Wings batting - Pitching for Harrisburg Capitals : RHP Benjamin Groskreutz
Batting: RHB Braydon Makris 0-0: Swinging Strike
0-1: Called Strike
0-2: Fly out, F7 (Flyball, 78M, EV 90.0 MPH)
Batting: SHB Brannon Acevedo 0-0: Called Strike
0-1: Foul Ball, location: 2F
0-2: Ball
1-2: Ball
2-2: Foul Ball, location: 2F
2-2: Ball
3-2: Foul Ball, location: 2F
3-2: Foul Ball, location: 2F
3-2: Fly out, F8 (Line Drive, 8LD, EV 90.6 MPH)
Batting: RHB Chandler Penrod 0-0: SINGLE (Groundball, 56D, EV 103.1 MPH)
Batting: RHB Jasper Humphries 0-0: Called Strike
0-1: Fielders Choice at 2nd, 6-4 (Groundball, 6, EV 82.5 MPH)
Top of the 3rd over - 0 runs, 1 hit, 0 errors, 1 left on base; Buffalo 2 - Harrisburg 0
BOTTOM OF THE 3RD
Harrisburg Capitals batting - Pitching for Buffalo Red Wings : RHP Holden Aldaba
Batting: RHB Deric Sykora 0-0: Ground out 3-1 (Groundball, 34S, EV 87.5 MPH)
Batting: RHB Dave Bourcy 0-0: Fly out, F8 (Flyball, 8LM, EV 91.9 MPH)
Batting: RHB Jonah Howard 0-0: SINGLE (Groundball, 6MD, EV 103.8 MPH)
Batting: LHB Tommy Olson 0-0: Ball
1-0: Foul Ball, location: 2F
1-1: Swinging Strike
1-2: Ball
2-2: Ball
3-2: Foul Ball, location: 2F
3-2: Foul Ball, location: 2F
3-2: Base on Balls
Jonah Howard to second
Batting: LHB Carnell Sighel 0-0: Ball
1-0: Called Strike
1-1: Ball
2-1: Ball
3-1: Called Strike
3-2: Ground out 4-3 (Groundball, 4S, EV 73.8 MPH)
Bottom of the 3rd over - 0 runs, 1 hit, 0 errors, 2 left on base; Buffalo 2 - Harrisburg 0
TOP OF THE 4TH
Buffalo Red Wings batting - Pitching for Harrisburg Capitals : RHP Benjamin Groskreutz
Batting: RHB Logan Combs 0-0: Ball
1-0: Foul Ball, location: 2F
1-1: Ball
2-1: Called Strike
2-2: Ball
3-2: SINGLE (Groundball, 56D, EV 107.5 MPH)
Batting: RHB Townes Zhan 0-0: Ball
1-0: Called Strike
1-1: SINGLE (Line Drive, 78S, EV 93.8 MPH)
Logan Combs to second
Batting: RHB Israel Coates 0-0: Called Strike
0-1: Foul Ball, location: 2F
0-2: Foul Ball, location: 2F
0-2: Ball
1-2: Strikes out swinging
Batting: RHB Brinson Sarmiento 0-0: Ball
1-0: Ball
2-0: Reached on error, E4 (Groundball, 4, EV 80.0 MPH)
Logan Combs to third
Townes Zhan to second
Batting: RHB Rhys Oqvist 0-0: Ball
1-0: Called Strike
1-1: Swinging Strike
1-2: Fly out, F9 (Line Drive, 9, EV 90.6 MPH)
Lined into DP, 9-6 (Line Drive, 9, EV 90.6 MPH)
Top of the 4th over - 0 runs, 2 hits, 1 error, 2 left on base; Buffalo 2 - Harrisburg 0
BOTTOM OF THE 4TH
Harrisburg Capitals batting - Pitching for Buffalo Red Wings : RHP Holden Aldaba
Batting: RHB Garrett Flickinger 0-0: Ball
1-0: Ball
2-0: Ball
3-0: Called Strike
3-1: Ground out 5-3 (Groundball, 56S, EV 63.1 MPH)
Batting: RHB Eli Turner 0-0: Foul Ball, location: 2F
0-1: Foul Ball, location: 2F
0-2: Ball
1-2: Ground out 6-3 (Groundball, 56, EV 78.8 MPH)
Batting: RHB Julian Liszewski 0-0: Ball
1-0: Ball
2-0: Called Strike
2-1: Ball
3-1: Base on Balls
Batting: RHB Zack Jackson 0-0: Ball
1-0: Swinging Strike
1-1: Foul Ball, location: 2F
1-2: Fly out, F7 (Flyball, 78M, EV 96.9 MPH)
Bottom of the 4th over - 0 runs, 0 hits, 0 errors, 1 left on base; Buffalo 2 - Harrisburg 0
TOP OF THE 5TH
Buffalo Red Wings batting - Pitching for Harrisburg Capitals : RHP Benjamin Groskreutz
Batting: RHB Braydon Makris 0-0: Ball
1-0: Ball
2-0: Called Strike
2-1: Swinging Strike
2-2: Ball
3-2: Fly out, F4 (Popup, 4S, EV 70.6 MPH)
Pitching: RHP Kevin Craig
Batting: SHB Brannon Acevedo 0-0: Foul Ball, location: 2F
0-1: Ball
1-1: Called Strike
1-2: Foul Ball, location: 2F
1-2: Ball
2-2: Ground out 4-3 (Groundball, 4, EV 81.2 MPH)
Batting: RHB Chandler Penrod 0-0: Called Strike
0-1: Foul Ball, location: 2F
0-2: SINGLE (Groundball, 6D, EV 110.6 MPH)
Batting: RHB Jasper Humphries 0-0: Foul Ball, location: 2F
0-1: Ball
1-1: Foul Ball, location: 2F
1-2: Ball
2-2: Fielders Choice at 2nd, 6-4 (Groundball, 6, EV 83.1 MPH)
Top of the 5th over - 0 runs, 1 hit, 0 errors, 1 left on base; Buffalo 2 - Harrisburg 0
BOTTOM OF THE 5TH
Harrisburg Capitals batting - Pitching for Buffalo Red Wings : RHP Holden Aldaba
Batting: RHB Deric Sykora 0-0: Fly out, F4 (Popup, 4S, EV 78.8 MPH)
Batting: RHB Dave Bourcy 0-0: Ball
1-0: Ball
2-0: SINGLE (Line Drive, 8LS, EV 101.2 MPH)
Batting: RHB Jonah Howard 0-0: Called Strike
0-1: Fly out, F8 (Flyball, 8LD, EV 100.6 MPH)
Batting: LHB Tommy Olson 0-0: Ball
1-0: Ball
2-0: Called Strike
2-1: Ball
3-1: Base on Balls
Dave Bourcy to second
Batting: LHB Carnell Sighel 0-0: Swinging Strike
0-1: Ball
1-1: Ball
2-1: Swinging Strike
2-2: Ball
3-2: Foul Ball, location: 2F
3-2: Foul Ball, location: 2F
3-2: Foul Ball, location: 2F
3-2: Fly out, F8 (Flyball, 8RS, EV 80.0 MPH)
Bottom of the 5th over - 0 runs, 1 hit, 0 errors, 2 left on base; Buffalo 2 - Harrisburg 0
TOP OF THE 6TH
Buffalo Red Wings batting - Pitching for Harrisburg Capitals : RHP Kevin Craig
Batting: RHB Logan Combs 0-0: Called Strike
0-1: Foul Ball, location: 2F
0-2: Foul Ball, location: 2F
0-2: Ball
1-2: Foul Ball, location: 2F
1-2: Ball
2-2: Ball
3-2: Foul Ball, location: 2F
3-2: Ground out 5-3 (Groundball, 56, EV 85.6 MPH)
Batting: RHB Townes Zhan 0-0: Called Strike
0-1: Ball
1-1: Called Strike
1-2: Ground out 4-3 (Groundball, 4, EV 83.8 MPH)
Batting: RHB Israel Coates 0-0: Called Strike
0-1: Ball
1-1: Foul Ball, location: 2F
1-2: Ball
2-2: Strikes out swinging
Top of the 6th over - 0 runs, 0 hits, 0 errors, 0 left on base; Buffalo 2 - Harrisburg 0
BOTTOM OF THE 6TH
Harrisburg Capitals batting - Pitching for Buffalo Red Wings : RHP Holden Aldaba
Batting: RHB Garrett Flickinger 0-0: Foul Ball, location: 2F
0-1: Ball
1-1: Ball
2-1: Fly out, F8 (Flyball, 8LD, EV 100.0 MPH)
Batting: RHB Eli Turner 0-0: Ball
1-0: Called Strike
1-1: Foul Ball, location: 2F
1-2: Strikes out swinging
Batting: RHB Julian Liszewski 0-0: Ball
1-0: Ground out 5-3 (Groundball, 56, EV 100.0 MPH)
Bottom of the 6th over - 0 runs, 0 hits, 0 errors, 0 left on base; Buffalo 2 - Harrisburg 0
TOP OF THE 7TH
Buffalo Red Wings batting - Pitching for Harrisburg Capitals : RHP Kevin Craig
Batting: RHB Brinson Sarmiento 0-0: Ball
1-0: Ground out 6-3 (Groundball, 6S, EV 83.1 MPH)
Batting: RHB Rhys Oqvist 0-0: Called Strike
0-1: Ground out 6-3 (Groundball, 6, EV 81.2 MPH)
Batting: RHB Braydon Makris 0-0: Foul Ball, location: 2F
0-1: SINGLE (Groundball, 6MD, EV 96.9 MPH)
Pitching: RHP Lucas Eichler
Batting: SHB Brannon Acevedo 0-0: Foul Ball, location: 2F
0-1: Foul Ball, location: 2F
0-2: Strikes out swinging
Top of the 7th over - 0 runs, 1 hit, 0 errors, 1 left on base; Buffalo 2 - Harrisburg 0
BOTTOM OF THE 7TH
Harrisburg Capitals batting - Pitching for Buffalo Red Wings : RHP Holden Aldaba
Batting: RHB Zack Jackson 0-0: Ball
1-0: Foul Ball, location: 2F
1-1: Ball
2-1: Ground out 6-3 (Groundball, 56, EV 89.4 MPH)
Batting: RHB Deric Sykora 0-0: Foul Ball, location: 2F
0-1: Ball
1-1: Foul Ball, location: 2F
1-2: Foul Ball, location: 2F
1-2: Fly out, F4 (Popup, 4S, EV 73.8 MPH)
Batting: RHB Dave Bourcy 0-0: Called Strike
0-1: Swinging Strike
0-2: Strikes out looking
Bottom of the 7th over - 0 runs, 0 hits, 0 errors, 0 left on base; Buffalo 2 - Harrisburg 0
TOP OF THE 8TH
Buffalo Red Wings batting - Pitching for Harrisburg Capitals : RHP Lucas Eichler
Batting: RHB Chandler Penrod 0-0: SINGLE (Groundball, 6D, EV 103.8 MPH)
Batting: RHB Jasper Humphries 0-0: Called Strike
0-1: Swinging Strike
0-2: Strikes out looking
Batting: RHB Logan Combs 0-0: Ball
1-0: Ball
2-0: Swinging Strike
2-1: Foul Ball, location: 2F
2-2: Strikes out swinging
Batting: RHB Townes Zhan 0-0: Fielders Choice at 2nd, 6-4 (Groundball, 6, EV 82.5 MPH)
Top of the 8th over - 0 runs, 1 hit, 0 errors, 1 left on base; Buffalo 2 - Harrisburg 0
BOTTOM OF THE 8TH
Harrisburg Capitals batting - Pitching for Buffalo Red Wings : RHP Holden Aldaba
Pitching: LHP Elton Walton
Batting: RHB Jonah Howard 0-0: Swinging Strike
0-1: Ground out 4-3 (Groundball, 34D, EV 109.4 MPH)
Batting: LHB Tommy Olson 0-0: SINGLE (Groundball, 34D, EV 105.6 MPH)
Batting: LHB Carnell Sighel 0-0: Ball
1-0: Ball
2-0: Fly out, F4 (Flyball, 4D, EV 83.8 MPH)
Batting: RHB Garrett Flickinger 0-0: Foul Ball, location: 2F
0-1: DOUBLE (Flyball, 9LD, EV 101.2 MPH)
Tommy Olson to third
Runner from 3rd tries for Home, SAFE, no throw by RF
Batting: RHB Eli Turner 0-0: Ball
1-0: Foul Ball, location: 2F
1-1: Called Strike
1-2: Ball
2-2: Ball
3-2: Fly out, F5 (Flyball, 56D, EV 92.5 MPH)
Bottom of the 8th over - 1 run, 2 hits, 0 errors, 1 left on base; Buffalo 2 - Harrisburg 1
TOP OF THE 9TH
Buffalo Red Wings batting - Pitching for Harrisburg Capitals : RHP Lucas Eichler
Pitching: RHP Theodore Childers
Batting: RHB Israel Coates 0-0: Ball
1-0: Swinging Strike
1-1: Foul Ball, location: 2F
1-2: Foul Ball, location: 2F
1-2: Ball
2-2: Ground out 5-3 (Groundball, 5, EV 86.2 MPH)
Batting: RHB Brinson Sarmiento 0-0: Ball
1-0: Ball
2-0: Ball
3-0: Called Strike
3-1: Ground out U3 (Groundball, 3L, EV 80.6 MPH)
Batting: RHB Rhys Oqvist 0-0: Called Strike
0-1: SINGLE (Line Drive, 56D, EV 100.0 MPH)
Batting: RHB Braydon Makris 0-0: Called Strike
0-1: Called Strike
0-2: Strikes out swinging
Top of the 9th over - 0 runs, 1 hit, 0 errors, 1 left on base; Buffalo 2 - Harrisburg 1
BOTTOM OF THE 9TH
Harrisburg Capitals batting - Pitching for Buffalo Red Wings : LHP Elton Walton
Batting: RHB Julian Liszewski 0-0: Ball
1-0: Foul Ball, location: 2F
1-1: Fly out, F8 (Flyball, 8RM, EV 88.8 MPH)
Batting: RHB Zack Jackson 0-0: Fly out, F8 (Flyball, 8RD, EV 100.6 MPH)
Batting: RHB Deric Sykora 0-0: Called Strike
0-1: Ground out 6-3 (Groundball, 6, EV 100.0 MPH)
Bottom of the 9th over - 0 runs, 0 hits, 0 errors, 0 left on base; Buffalo 2 - Harrisburg 1
Monday, May 13th , 2024 - OOTP Baseball 23.10 Build 110